 Dungeon Crawl Stone Soup version 0.23-a0-151-gf6d1ed2 (webtiles) character file.

828 Inarius the Skirmisher (level 7, -7/78 HPs)
             Began as an Ogre Hunter on Sept 8, 2018.
             Mangled by Pikel
             ... wielding a +1 whip of flaming
              (10 damage)
             ... on level 4 of the Dungeon.
             The game lasted 00:12:04 (6362 turns).

Inarius the Skirmisher (Ogre Hunter)                Turns: 6362, Time: 00:12:05

Health: -7/78      AC:  3    Str: 19    XL:     7   Next: 97%
Magic:  7/7        EV: 11    Int: 12    God:    Xom [....*.]
Gold:   139        SH:  0    Dex:  9    Spells: 6/6 levels left

rFire    . . .     SeeInvis .   v - +0 dagger (chaos)
rCold    . . .     Gourm    .   (no shield)
rNeg     . . .     Faith    .   b - +0 robe
rPois    .         Spirit   .   (helmet restricted)
rElec    .         Reflect  .   (no cloak)
rCorr    .         Harm     .   (gloves unavailable)
MR       .....                  (boots unavailable)
Stlth    +.........             (no amulet)
HPRegen  0.23/turn              (no ring)
MPRegen  0.10/turn              (no ring)

@: no status effects
A: large, unfitting armour, tough skin 1
a: Renounce Religion


You were on level 4 of the Dungeon.
You worshipped Xom.
You were a beloved toy of Xom.
You were not hungry.

You visited 1 branch of the dungeon, and saw 4 of its levels.

You collected 139 gold pieces.

Inventory:

Hand Weapons
 v - a +0 dagger of chaos (weapon)
Missiles
 c - 4 large rocks
 d - 2 throwing nets
 h - 106 stones (quivered)
Armour
 b - a +0 robe (worn)
Wands
 g - a wand of enslavement (8)
Scrolls
 a - a scroll of identify
 i - 2 scrolls of magic mapping {unknown}
 j - a scroll of fear {unknown}
 l - a scroll of remove curse
 n - a scroll of blinking {unknown}
 p - a scroll of teleportation {unknown}
 u - a scroll of noise {unknown}
 w - a scroll of enchant weapon {unknown}
Potions
 e - a potion of might
 m - a potion of flight
 o - a potion of magic
 q - a potion of mutation
 r - 2 potions of cancellation
 s - a potion of heal wounds {unknown}
 t - a potion of lignification
Comestibles
 f - 6 rations
 k - 2 chunks of flesh


   Skills:
 * Level 7.5 Fighting
   Level 1.1 Maces & Flails
 + Level 6.5 Throwing
 + Level 4.0 Dodging
 - Level 0.6 Stealth


You had 6 spell levels left.
You didn't know any spells.
Your spell library was empty.

Dungeon Overview and Level Annotations

Branches:
Dungeon (4/15)
 Temple: D:4-7

Altars:
Xom

Annotations:
D:4 Pikel


Innate Abilities, Weirdness & Mutations

You are too large for most types of armour.
You have tough skin. (AC +1)


Message History

Things that are here:
an animal skin; a robe; a human skeleton You closely miss something.
Something hits you.
* * * LOW HITPOINT WARNING * * *
Something burns you.
* * * LOW HITPOINT WARNING * * *
Something hits you.
* * * LOW HITPOINT WARNING * * *
Something burns you.
* * * LOW HITPOINT WARNING * * *
The freed slave hits something but does no damage.
You swap places.
Something hits the freed slave.
Something burns the freed slave.
You see here a giant spiked club.
Something hits you!
* * * LOW HITPOINT WARNING * * *
Something burns you.
* * * LOW HITPOINT WARNING * * *
Something hits you!
You die...

#.##.,* ** ** **
#...*,* , , ,
#..#, * , * ***,*
#..#* *** * *
#.######..#*, , ,
*
#.........#####..
,
######...........#
, #....... , *
*,#...........! ,,
, * *
#.###..##..##** *
* ,#. *#.##*..#*
*+ *


You could see a neutral freed slave (wandering).

Vanquished Creatures
  Grinder (D:3)
  Sigmund (D:3)
  2 slaves
  4 crimson imps (D:3)
  2 orc priests (D:4)
  An orc wizard (D:3)
  Jessica (D:3)
  8 adders
  5 worms
  A dart slug (D:2)
  2 leopard geckos
  6 orcs
  4 giant cockroaches
  9 goblins
  5 hobgoblins
  5 jackals
  A quokka (D:3)
  A ball python (D:1)
  4 bats
  9 kobolds
  4 rats
76 creatures vanquished.

Vanquished Creatures (collateral kills)
  An ogre (D:4)
  A worker ant (D:4)
  A worm (D:4)
3 creatures vanquished.

Vanquished Creatures (others)
  2 fire vortices (D:4)
2 creatures vanquished.

Grand Total: 81 creatures vanquished

Notes
Turn   | Place    | Note
-------+----------+-------------------------------------------
     0 | D:1      | Inarius the Ogre Hunter began the quest for the Orb.
     0 | D:1      | Reached XP level 1. HP: 22/22 MP: 1/1
   137 | D:1      | Reached XP level 2. HP: 26/29 MP: 2/2
   819 | D:1      | Reached skill level 3 in Fighting
  1089 | D:2      | Reached XP level 3. HP: 25/37 MP: 3/3
  1781 | D:2      | Reached XP level 4. HP: 41/45 MP: 4/4
  2126 | D:2      | Reached skill level 5 in Throwing
  2137 | D:2      | Reached skill level 1 in Maces & Flails
  2778 | D:3      | Noticed Grinder
  2954 | D:3      | Found a shimmering altar of Xom.
  2976 | D:3      | Reached skill level 4 in Fighting
  2976 | D:3      | Reached XP level 5. HP: 32/54 MP: 5/5
  3273 | D:3      | Became a worshipper of Xom the Less-Predictable
  3297 | D:3      | XOM: divination: detect creatures
  3317 | D:3      | Reached XP level 6. HP: 36/65 MP: 6/6
  3528 | D:3      | XOM: medium Fire miscast
  3787 | D:3      | Noticed Sigmund
  3808 | D:3      | Killed Sigmund
  3808 | D:3      | Reached skill level 5 in Fighting
  4093 | D:3      | Noticed Jessica
  4112 | D:3      | Killed Jessica
  4128 | D:3      | Killed Grinder
  4128 | D:3      | Reached skill level 6 in Fighting
  4128 | D:3      | Reached XP level 7. HP: 52/76 MP: 7/7
  4427 | D:4      | XOM: cast spell 'Summon Ice Beast'
  4431 | D:4      | XOM: noise
  4435 | D:4      | Reached skill level 7 in Fighting
  4486 | D:4      | XOM: mild Fire miscast
  4851 | D:3      | XOM: mild Tloc miscast
  4896 | D:3      | XOM: divination: magic mapping
  5093 | D:3      | XOM: harmless Ice miscast
  5370 | D:2      | XOM: divination: magic mapping
  6012 | D:3      | XOM: harmless Tmut miscast
  6232 | D:4      | Noticed Pikel
  6235 | D:4      | XOM: cast spell 'Summon Butterflies'
  6241 | D:4      | XOM: enchant monster (good)
  6283 | D:4      | XOM: divination: magic mapping
  6289 | D:4      | XOM: enchant monster (good)
  6333 | D:4      | XOM: swap monsters
  6337 | D:4      | XOM: enchant monster (good)
  6360 | D:4      | HP: 2/78 [something (4)]
  6362 | D:4      | Mangled by Pikel

Vault maps used:
D:1:      shiori_shiawase
D:2:      kennysheep_generic_room_2
D:3:      led_xom_imps, first_ration, uniq_sigmund, uniq_jessica, uniq_grinder
D:4:      nicolae_overflow_crystal_walls, kennysheep_mini,
          minmay_temple_entry_fiery, minivault_23, uniq_pikel

Skill      XL: |  1  2  3  4  5  6  7 |
---------------+----------------------+-----
Fighting       | 3 4 6 7 |  7.5
Dodging        | 2 3 4 |  4.0
Throwing       | 5 6 |  6.5
Maces & Flails | 1 |  1.1
Stealth        | |  0.6

Action                   |  1- 3 |  4- 6 |  7- 9 || total
-------------------------+-------+-------+-------++-------
Melee: Short sword       |    20 |       |       ||    20
       Dagger            |    50 |   169 |   170 ||   389
Throw: Stone             |    39 |    37 |       ||    76
       Large rock        |     1 |       |     1 ||     2
  Use: Scroll            |       |     8 |       ||     8
       Potion            |       |     3 |       ||     3
 Stab: Sleeping          |     2 |     2 |       ||     4
       Petrified         |       |       |    11 ||    11
       Paralysed         |       |       |     7 ||     7
  Eat: Chunk             |     3 |     6 |     5 ||    14
       Ration            |       |       |     1 ||     1
Armor: Robe              |    12 |    27 |    35 ||    74
Dodge: Dodged            |    41 |    60 |    56 ||   157

Table legend:
 A = Non-vault XP
 B = Vault XP
 C = Vault XP percentage of total XP
 D = Non-vault monster count
 E = Vault monster count
 F = Vault count percentage of total count
                 A         B        C        D         E       F
            +---------+---------+-------+---------+---------+-------
      Total |     452 |     731 |  61.8 |      67 |      10 |  13.0
            +---------+---------+-------+---------+---------+-------
        D:1 |      25 |       0 |   0.0 |      16 |       0 |   0.0
        D:2 |      91 |       5 |   5.2 |      17 |       3 |  15.0
        D:3 |     119 |     726 |  85.9 |      26 |       7 |  21.2
        D:4 |     217 |       0 |   0.0 |       8 |       0 |   0.0
            +---------+---------+-------+---------+---------+-------
